 Dungeon Crawl Stone Soup version 0.26.0-57-g60708a5e39 (webtiles) character file.

Game seed: 7831728952973644845

30 Gauvater the Grave Robber (level 3, 0/24 HPs)
             Began as a Mummy Necromancer on Feb 1, 2021.
             Slain by Natasha (4 damage)
             ... on level 1 of the Dungeon.
             The game lasted 00:10:54 (1097 turns).

Gauvater the Grave Robber (Mummy Necromancer)       Turns: 1097, Time: 00:10:54

Health: 0/24       AC:  3    Str: 11    XL:     3   Next: 3%
Magic:  5/7        EV: 12    Int: 15    God:
Gold:   51         SH:  0    Dex: 12    Spells: 7/8 levels left

rFire    . . .     SeeInvis .   (no weapon)
rCold    + . .     Faith    .   (no shield)
rNeg     + + +     Spirit   .   a - +1 robe
rPois    ∞         Reflect  .   (no helmet)
rElec    .         Harm     .   (no cloak)
rCorr    .         Rampage  .   (no gloves)
Will     .....                  (no boots)
Stlth    ++........             (no amulet)
HPRegen  0.08/turn              b - ring of protection from fire
MPRegen  0.10/turn              (no ring)

@: no status effects
A: no potions, fire vulnerability, cold resistance 1, negative energy resistance
3, torment resistance, unbreathing
a: no special abilities


You were on level 1 of the Dungeon.
You visited 1 branch of the dungeon, and saw 2 of its levels.

You collected 51 gold pieces.

Inventory:

Hand Weapons
 c - a +0 dagger
 g - a +4 short sword
Missiles
 h - 32 poisoned darts
 i - 10 sling bullets
Armour
 a - a +1 robe (worn)
 l - a +0 kite shield
Jewellery
 b - a ring of protection from fire (left hand)
 k - an uncursed ring of protection from cold {unknown}
Scrolls
 e - a scroll of identify {unknown}
 f - 2 scrolls of teleportation {unknown}
 j - a scroll of remove curse {unknown}


   Skills:
 - Level 1.5 Dodging
 - Level 1.5 Stealth
 + Level 0.1 Unarmed Combat
 + Level 3.3 Spellcasting
 + Level 4.6 Necromancy


You had 7 spell levels left.
You knew the following spells:

 Your Spells              Type           Power        Failure   Level
a - Pain                  Necr           64%          2%          1

Your spell library contained the following spells:

 Spells                   Type           Power        Failure   Level
 Animate Skeleton         Necr           32%          2%          1
 Vampiric Draining        Necr           8%           9%          3
 Animate Dead             Necr           8%           28%         4
 Agony                    Necr           16%          61%         5


Dungeon Overview and Level Annotations

Branches:
Dungeon (2/15)

Altars:

Annotations:
D:1 Natasha


Innate Abilities, Weirdness & Mutations

You do not drink.
Your flesh is vulnerable to fire.
You are immune to poison.
Your flesh is cold resistant. (rC+)
You are immune to negative energy. (rN+++)
You are immune to unholy pain and torment.
You can survive without breathing.


Message History

There is a stone staircase leading down here.
Casting: Pain (safe; 2% risk of failure)
Confirm with . or Enter, or press ? or * to list all spells.
Aiming: Pain (safe; 2% risk of failure)
Press: ? - help, Shift-Dir - straight line, f - Natasha
Aim: Natasha (chance to affect: 75%) Natasha writhes in agony!
Natasha barely misses you. The hobgoblin hits you with a +0 club.
Casting: Pain (safe; 2% risk of failure)
Confirm with . or Enter, or press ? or * to list all spells.
Aiming: Pain (safe; 2% risk of failure)
Press: ? - help, Shift-Dir - straight line, f/p - Natasha
Aim: Natasha (heavily wounded, chance to affect: 75%) Natasha writhes in agony.
Natasha claws you!
* * * LOW HITPOINT WARNING * * *
The hobgoblin barely misses you.
As you read the scroll labelled TIMIRPH VOIMUI, it crumbles to dust.
It is a scroll of enchant armour.
Your +0 robe glows green for a moment.
Natasha claws you.
You die...

.......############.#
.#####......# #.# .#
######.# #.#
.##########.# #.#
...........)# ####.#
###########.# #....#
#.# #.#### #####
##.## #h# ....#
##...# #@#
###.#####....# #g# #
#......(...# #.#
###.##.##...## #.#
....##.##...# #.#
######.##...# #.# #
#.##...# #.#
######.##...# #.#
#...[..##...# #.#


You could see Natasha and a hobgoblin.

Vanquished Creatures
  5 bats
  A giant cockroach (D:1)
  5 goblins (D:1)
  5 hobgoblins
  6 kobolds
  2 frilled lizards
  3 rats
27 creatures vanquished.

Notes
Turn   | Place    | Note
-------+----------+-------------------------------------------
     0 | D:1      | Gauvater the Mummy Necromancer began the quest for the Orb.
     0 | D:1      | Reached XP level 1. HP: 13/13 MP: 4/4
   311 | D:1      | Reached XP level 2. HP: 19/19 MP: 2/5
  1009 | D:2      | Reached XP level 3. HP: 24/24 MP: 5/7
  1031 | D:2      | Noticed Natasha
  1097 | D:1      | Slain by Natasha

Illustrated notes

Levels and vault maps discovered:
D:1:      amcnicky_arrival_feature_with_door, layout_loops_ring
D:2:      layout_rooms, kennysheep_generic_room_9, uniq_natasha

Skill      XL: |  1  2 |
---------------+-------+-----
Spellcasting   | 3 |  3.3
Dodging        | |  1.5
Stealth        | |  1.5
Unarmed Combat | |  0.1
Necromancy     | |  4.6

Action                   || total
-------------------------++-------
Melee: Unarmed           ||     8
 Cast: Pain              ||    46
  Use: Scroll            ||     1
Armor: Robe              ||     8
Dodge: Dodged            ||    20
